cohdb
Replays
Latest Replays
All Replays
Popular Replays
Top Player Replays
Match Explorer
How It Works
Community
CoH3 Stats
Reddit
Sign in to upload your games and track your stats! →
Sign in with Steam
Match 41382011
Unlisted
Match 41382011
Overview
Messages
Build Orders
End
Selects Special Operations Battlegroup
Selects M29 Weasel Recon Vehicle
M29 Weasel Recon Vehicle
Construct Weapon Support Center
M1919 Machine Gun Team
Construct Barracks
M1 Mortar Team
Riflemen Squad
Infantry Support Center
M3 Armored Personnel Carrier
M1919 Machine Gun Team
M3 Armored Personnel Carrier
Construct Medical Station
Selects Raiding Flares
Selects SSF Commando Squad
SSF Commando Squad
NA
jhc0928d
可叹落叶飘零
yapster
HIMYNAMEISHO
waynoss88
0
0
Comments
sign in to comment!
No comments posted yet!